 Dungeon Crawl Stone Soup version 0.28-a0-1518-gbe868bca14 (webtiles) character file.

Game seed: 4073580340445238596

37 issech the Skirmisher (level 3, -5/33 HPs)
             Began as a Minotaur Fighter on Jan 17, 2022.
             Was an Initiate of Elyvilon.
             Slain by a gnoll (6 damage)
             ... on level 2 of the Dungeon.
             The game lasted 00:05:57 (1158 turns).

issech the Skirmisher (Minotaur Fighter)            Turns: 1158, Time: 00:05:58

Health: -5/33      AC:  7    Str: 22    XL:     3   Next: 23%
Magic:  2/2        EV:  9    Int:  5    God:    Elyvilon [......]
Gold:   127        SH:  4    Dex:  9    Spells: 2/2 levels left

rFire   . . .      SeeInvis .   a - +0 war axe
rCold   + . .      Faith    .   c - +0 buckler
rNeg    . . .      Spirit   .   b - +0 scale mail
rPois   .          Reflect  .   (helmet restricted)
rElec   .          Harm     .   (no cloak)
rCorr   +          Rampage  .   (no gloves)
Will    .....                   (no boots)
Stlth   ..........              (no amulet)
HPRegen 0.11/turn               e - ring of protection from cold
MPRegen 0.08/turn               o - ring of resist corrosion

@: mighty
A: horns 2, retaliatory headbutt
a: Renounce Religion


You were on level 2 of the Dungeon.
You worshipped Elyvilon.
Elyvilon was noncommittal.
You visited 1 branch of the dungeon, and saw 2 of its levels.

You collected 127 gold pieces.

Inventory:

Hand Weapons
 a - a +0 war axe (weapon)
 g - a +0 short sword
 j - a +0 whip
 k - a +0 dagger
 m - a +0 club
 n - a +0 spear
 q - a +0 whip
 r - a +0 dagger
Missiles
 f - 6 poisoned darts (quivered)
 h - 44 stones
 l - 33 arrows
Armour
 b - a +0 scale mail (worn)
 c - a +0 buckler (worn)
 s - a +0 ring mail
 t - a +0 ring mail
Jewellery
 e - a ring of protection from cold (left hand)
 o - a ring of resist corrosion (right hand)
Scrolls
 p - a scroll of summoning {unknown}
Potions
 d - a potion of might
 i - a potion of attraction {unknown}


   Skills:
 + Level 4.1 Fighting
 + Level 3.0 Axes
 + Level 4.0 Armour
 + Level 0.1 Dodging
 + Level 0.7 Stealth
 + Level 3.9 Shields


You had 2 spell levels left.
You didn't know any spells.
Your spell library was empty.

Dungeon Overview and Level Annotations

Branches:
Dungeon (2/15)

Altars:
Elyvilon


Innate Abilities, Weirdness & Mutations

You have a pair of horns on your head.
You reflexively headbutt those who attack you in melee.


Message History

You kill the adder!
You feel sick.
You feel sick.
You see here an adder corpse.
You feel sick.
You are no longer poisoned.
Found a hand axe.
Found a hand axe.
A gnoll comes into view. It is wielding a +0 spear.
A gnoll comes into view. It is wielding a +0 flail.
Found a hand axe.
The gnoll shouts!
A gnoll comes into view. It is wielding a +0 spear.
You block the gnoll's attack.
You closely miss the gnoll. The gnoll hits you with a +0 spear. x2
You barely miss the gnoll. The gnoll hits you but does no damage.
You hit the gnoll.
The gnoll is lightly wounded.
The gnoll barely misses you.
A gnoll comes into view. It is wielding a +0 whip.
The gnoll hits you but does no damage.
The gnoll moves out of view.
The gnoll hits you from afar with a +0 spear.
* * * LOW HITPOINT WARNING * * *
The gnoll closely misses you.
You barely miss the gnoll.
The gnoll is lightly wounded.
The gnoll hits you with a +0 spear.
* * * LOW HITPOINT WARNING * * *
You closely miss the gnoll.
The gnoll is lightly wounded.
The gnoll shouts!
You block the gnoll's attack.
The gnoll shouts!
You hit the gnoll but do no damage. Your headbutt misses the gnoll.
The gnoll is lightly wounded.
You block the gnoll's attack. The gnoll hits you with a +0 spear.
* * * LOW HITPOINT WARNING * * *
You feel very mighty all of a sudden. The gnoll hits you with a +0 spear.
You die...

. g.♣ ..).♣
.♣....♣♣###
......gg@.## #######
..♣.gg♣♣#..# #.....#
....♣
##..####.....##### ..♣
###...+............> )
##.....##.......#.##.
##.....†##.......#.##.
#................#.##.
##.................##.
##.....##........#...


You could see 4 gnolls.

Vanquished Creatures
  An adder (D:2)
  A bat (D:1)
  7 endoplasms
  A giant cockroach (D:2)
  A goblin (D:1)
  3 hobgoblins
  2 quokkas (D:1)
  3 ball pythons (D:1)
  A frilled lizard (D:1)
  3 kobolds
  3 rats
26 creatures vanquished.

Notes
Turn   | Place    | Note
-------+----------+-------------------------------------------
     0 | D:1      | issech the Minotaur Fighter began the quest for the Orb.
     0 | D:1      | Reached XP level 1. HP: 19/19 MP: 0/0
   349 | D:1      | Reached XP level 2. HP: 24/27 MP: 1/1
  1074 | D:2      | Found a white marble altar of Elyvilon.
  1083 | D:2      | Became a worshipper of Elyvilon the Healer
  1110 | D:2      | Reached XP level 3. HP: 33/33 MP: 2/2
  1157 | D:2      | HP: 1/33 [gnoll (4)]
  1158 | D:2      | Slain by a gnoll

Illustrated notes

Levels and vault maps discovered:
D:1:      minmay_arrival_up_and_down, layout_loops_cross
D:2:      layout_basic, basic_altar, hellmonk_ecumenical_altar_crossroads,
          pf_guarded_unrand_woodcutter

Skill      XL: |  1  2 |
---------------+-------+-----
Armour         | 4 |  4.0
Fighting       | 4 |  4.1
Axes           | 3 |  3.0
Dodging        | |  0.1
Stealth        | |  0.7
Shields        | |  3.9

Action                   || total
-------------------------++-------
Melee: War axe           ||    66
       Headbutt          ||     4
  Use: Potion            ||     1
Armor: Scale mail        ||    33
Dodge: Dodged            ||    26
Block: Buckler           ||    19

Table legend: (Time is in decaauts)
 A = Elapsed time spent in this place.
 B = Non-inter-level travel time spent in this place.
 C = Inter-level travel time spent in this place.
 D = Time resting spent in this place.
 E = Time spent auto-exploring this place.
 F = Levels seen in this place.
 G = Mean time per level.
                   A        B        C        D        E       F      G
               +--------+--------+--------+--------+--------+-----+--------+
         Total |   1183 |   1183 |      0 |    115 |    322 |   2 |  591.5 |
       Dungeon |   1183 |   1183 |      0 |    115 |    322 |   2 |  591.5 |
               +--------+--------+--------+--------+--------+-----+--------+

Top non-repeatable levels by time:
     D:1: 868 daAuts
     D:2: 315 daAuts
